 Dungeon Crawl Stone Soup version 0.30.0-17-ge0270778cf (webtiles) character file.

Game seed: 1901579865543317271

1750 Kenran the Cleaver (level 9, 0/68 HPs)
             Began as a Formicid Fighter on May 21, 2023.
             Slain by a steam dragon (9 damage)
             ... on level 7 of the Dungeon.
             The game lasted 00:10:47 (5631 turns).

Kenran the Cleaver (Formicid Fighter)               Turns: 5631, Time: 00:10:48

Health: 0/68       AC: 13    Str: 23    XL:     9   Next: 27%
Magic:  9/9        EV:  5    Int:  8    God:
Gold:   449        SH: 10    Dex: 15    Spells: 8/8 levels left

rFire   . . .        a - +4 war axe (heavy)
rCold   . . .        C - +0 kite shield
rNeg    . . .        j - +0 plate armour
rPois   +            (helmet unavailable)
rElec   .            v - +0 cloak
rCorr   .            (no gloves)
SInv    +            D - +0 pair of boots
Will    +....        k - amulet of the acrobat Stlth
                     s - ring of willpower
HPRegen 0.31/turn    c - ring of poison resistance
MPRegen 0.11/turn

%: acrobat
@: flying
A: permanent stasis, dig shafts and tunnels, antennae 3, four strong arms
a: Dig, Shaft Self


You were on level 7 of the Dungeon.
You visited 2 branches of the dungeon, and saw 8 of its levels.

You collected 449 gold pieces.

Inventory:

Hand Weapons
 a - a +4 heavy war axe (weapon)
 b - the +7 dagger of Eternal Vigilance {antimagic, rC- Will+++ Int+5 Dex+2}
   (You found it on level 2 of the Dungeon)

   Int:       It affects your intelligence (+5).
   Dex:       It affects your dexterity (+2).
   rC:        It makes you vulnerable to cold.
   Will:      It greatly increases your willpower.
Armour
 j - a +0 plate armour (worn)
 v - a +0 cloak (worn)
 C - a +0 kite shield (worn)
 D - a +0 pair of boots (worn)
Jewellery
 c - a ring of poison resistance (right hand)
 k - an amulet of the acrobat (around neck)
 s - a ring of willpower (left hand)
Wands
 r - a wand of polymorph (11)
Scrolls
 e - a scroll of fear
 f - 2 scrolls of enchant weapon
 m - a scroll of butterflies
 o - a scroll of acquirement {unknown}
 q - 4 scrolls of poison {!r}
 x - 3 scrolls of immolation {!r}
 y - a scroll of silence {unknown}
 z - a scroll of blinking {unknown}
 A - 2 scrolls of enchant armour
Potions
 d - 3 potions of might
 g - a potion of ambrosia {unknown}
 h - a potion of berserk rage {unknown}
 l - 2 potions of attraction {unknown}
 n - a potion of lignification {!q}
 u - a potion of heal wounds {unknown}
 B - a potion of haste {unknown}


   Skills:
 - Level 5.0 Fighting
 + Level 10.3 Axes
 - Level 3.2 Armour
 + Level 5.2 Shields
 - Level 3.0 Evocations


You had 8 spell levels left.
You didn't know any spells.
Your spell library contained the following spells:

 Spells                   Type           Power      Damage    Failure   Level
 Ensorcelled Hibernation  Hex/Ice        0%         N/A       100%        2
 Passwall                 Tmut/Erth      0%         N/A       100%        2
 Animate Armour           Summ/Erth      0%         N/A       100%        4
 Blade Hands              Tmut           0%         N/A       100%        5
 Conjure Ball Lightning   Conj/Air       0%         3x3d6     100%        6
 Iron Shot                Conj/Erth      0%         9d1       100%        6
 Discord                  Hex            0%         N/A       100%        8
 Disjunction              Tloc           0%         N/A       100%        8
 Swiftness                Air            Unusable   N/A       N/A         3

Dungeon Overview and Level Annotations

Branches:
Dungeon (7/15)             Temple (1/1) D:4

Altars:
Cheibriados
Dithmenos
Kikubaaqudgha
Nemelex Xobeh
Okawaru
Qazlal
Sif Muna
Trog
Uskayaw
Xom
Zin


Innate Abilities, Weirdness & Mutations

You cannot be hasted, slowed, berserked, paralysed or teleported.
You can dig through walls and to a lower floor.
You have a pair of large antennae on your head. (SInv)
Your four strong arms can wield two-handed weapons with a shield.


Message History

Found a scroll of identify.
A steam dragon comes into view.
You barely miss the ice beast.
The steam dragon hisses angrily.
The ice beast hits you but does no damage. x2
You closely miss the ice beast.
The ice beast hits you but does no damage.
The steam dragon breathes steam at you. The ball of steam hits you!
You slash the ice beast!
The ice beast is heavily wounded.
You are engulfed in a cloud of scalding steam.
The ice beast hits you but does no damage.
The ice beast hits you. The ice beast freezes you!
You are too injured to fight recklessly!
The ice beast attacks as you move away! You block the ice beast's attack.
The steam dragon breathes steam at you. The ball of steam hits you!
* * * LOW HITPOINT WARNING * * *
Okay, then.
Okay, then.
You feel better.
The ice beast is engulfed in a cloud of scalding steam.
You block the ice beast's attack.
It was a potion of magic.
Magic courses through your body.
The ice beast hits you but does no damage.
It was a potion of flight.
You feel very buoyant.
You fly up into the air.
The ice beast hits you but does no damage.
You slice the ice beast!!
You kill the ice beast!
Your Shields skill increases to level 5!
You slice the steam dragon!!
The steam dragon is almost dead.
The steam dragon breathes steam at you. The ball of steam hits you!
* * * LOW HITPOINT WARNING * * *
The steam dragon bites you!
You die...

#...........≣ ♣
#.#######...≣ ♣
#.....# .#.≣ ♣
###....# ##.≣ ♣
#+##......# ≣ ♣
..........# ♣
........###
.........####.#
.......#@D....#
.......###.####
#...... #§#
###.... .D.
...### .§§. .##
...?.. ......#
........


You could see a steam dragon (catching breath).

Vanquished Creatures
  A troll (D:7)
  2 black bears
  A sky beast (D:7)
  2 ice beasts
  2 phantoms (D:6)
  2 centaurs
  A bullfrog (D:6)
  A gnoll sergeant (D:6)
  2 scorpions (D:5)
  A howler monkey (D:4)
  2 quasits (D:5)
  A sleepcap (D:7)
  2 iguanas
  5 orc wizards
  4 adders
  9 gnolls
  An ufetubus (D:7)
  A worm (D:2)
  11 dart slugs
  15 orcs
  3 ball pythons
  6 bats
  7 endoplasms
  4 giant cockroaches
  5 goblins
  6 hobgoblins
  3 jackals (D:2)
  2 quokkas
  3 frilled lizards
  6 kobolds
  4 rats
115 creatures vanquished.

Notes
Turn   | Place    | Note
-------+----------+-------------------------------------------
     0 | D:1      | Kenran the Formicid Fighter began the quest for the Orb.
     0 | D:1      | Reached XP level 1. HP: 18/18 MP: 1/1
   119 | D:1      | Reached XP level 2. HP: 24/24 MP: 2/2
   204 | D:1      | Reached skill level 3 in Axes
   470 | D:1      | Reached XP level 3. HP: 27/29 MP: 3/3
   832 | D:2      | Found a bloodstained altar of Trog.
  1211 | D:2      | Reached skill level 4 in Axes
  1211 | D:2      | Reached XP level 4. HP: 35/35 MP: 4/4
  1308 | D:2      | Identified the +7 dagger of Eternal Vigilance {antimagic,
                  | rC- Will+++ Int+5 Dex+2}
  2180 | D:3      | Reached skill level 5 in Axes
  2180 | D:3      | Reached XP level 5. HP: 13/41 MP: 5/5
  2762 | D:4      | Reached XP level 6. HP: 42/47 MP: 6/6
  2791 | D:4      | Found a staircase to the Ecumenical Temple.
  2816 | Temple   | Entered the Ecumenical Temple
  2987 | D:4      | Noticed a black bear
  2997 | D:4      | Killed a black bear
  2998 | D:4      | Reached skill level 6 in Axes
  3348 | D:5      | Entered Level 5 of the Dungeon
  3433 | D:5      | Reached skill level 7 in Axes
  3433 | D:5      | Reached XP level 7. HP: 52/52 MP: 7/7
  4012 | D:5      | Reached skill level 8 in Axes
  4041 | D:6      | Reached XP level 8. HP: 58/58 MP: 8/8
  4228 | D:6      | Reached skill level 9 in Axes
  4619 | D:6      | Reached skill level 10 in Axes
  4845 | D:6      | Reached skill level 1 in Evocations
  5307 | D:7      | Reached XP level 9. HP: 63/65 MP: 9/9
  5410 | D:7      | Noticed a troll
  5436 | D:7      | Killed a troll
  5437 | D:7      | Reached skill level 5 in Fighting
  5631 | D:7      | Reached skill level 5 in Shields
  5631 | D:7      | Slain by a steam dragon

Illustrated notes

Levels and vault maps discovered:
D:1:      dpeg_arrival_pits, layout_basic
D:2:      layout_loops_ring, basic_altar, serial_rivers,
          chequers_serial_rivers_large_a, chequers_serial_rivers_small_a,
          chequers_serial_rivers_small_b, chequers_serial_rivers_micro_b,
          chequers_serial_rivers_small_a, chequers_serial_rivers_micro_c,
          kennysheep_potato
D:3:      layout_loops_corners
D:4:      layout_cave_pools, minmay_temple_entry_large_hall, minmay_cupped
D:5:      cheibrodos_quashed, layout_basic
D:6:      kennysheep_slugbush, layout_loops_ring, nicolae_lava_and_water,
          wad_floor_pattern_1
D:7:      nzn_winding_woodlands_cross [nzn_winding_woodlands_5x15_default,
          nzn_winding_woodlands_5x15_split_checker,
          nzn_winding_woodlands_5x15_garden,
          nzn_winding_woodlands_5x15_concentric,
          nzn_winding_woodlands_15x15_killbox], layout_basic,
          mainiacjoe_overflow_alcove_4
Temple:   zaba_magenta_temple

Skill      XL: |  1  2  3  4  5  6  7  8  9 |
---------------+----------------------------+-----
Axes           | 3 4 5 7 8 10 | 10.3
Evocations     | 2 3 |  3.0
Fighting       | 4 5 |  5.0
Shields        | 5 |  5.2
Armour         | |  3.2

Action                     |  1- 3 |  4- 6 |  7- 9 || total
---------------------------+-------+-------+-------++-------
  Melee: War axe           |    96 |   161 |   229 ||   486
Ability: Dig               |       |       |     1 ||     1
  Evoke: Wand              |       |       |     3 ||     3
    Use: Scroll            |     1 |     6 |     1 ||     8
         Potion            |       |     2 |     5 ||     7
 Armour: Scale mail        |    51 |    21 |       ||    72
         Skin              |       |    12 |       ||    12
         Plate armour      |       |    69 |   185 ||   254
  Dodge: Dodged            |    60 |    55 |   104 ||   219
  Block: Buckler           |    33 |    48 |    58 ||   139
         Kite shield       |       |       |    34 ||    34
